 Dungeon Crawl Stone Soup version 0.28.0 (webtiles) character file.

Game seed: 15054987467638833676

88 Ablot the Grasshopper (level 4, 0/38 HPs)
             Began as a Gnoll Warper on Feb 18, 2022.
             Slain by Ijyb (4 damage)
             ... on level 3 of the Dungeon.
             The game lasted 00:02:55 (2329 turns).

Ablot the Grasshopper (Gnoll Warper)                Turns: 2329, Time: 00:02:55

Health: 0/38       AC:  3    Str: 13    XL:     4   Next: 53%
Magic:  11/11      EV: 12    Int: 12    God:
Gold:   67         SH:  0    Dex: 11    Spells: 11/13 levels left

rFire   . . .      SeeInvis .   a - +0 spear
rCold   . . .      Faith    .   (no shield)
rNeg    . . .      Spirit   .   b - +0 leather armour
rPois   .          Reflect  .   (no helmet)
rElec   .          Harm     .   (no cloak)
rCorr   .          Rampage  .   (no gloves)
Will    .....                   (no boots)
Stlth   +.........              (no amulet)
HPRegen 0.12/turn               (no ring)
MPRegen 0.12/turn               (no ring)

@: no status effects
A: fangs 1, strong nose, distributed training
a: no special abilities


You were on level 3 of the Dungeon.
You visited 1 branch of the dungeon, and saw 3 of its levels.

You collected 67 gold pieces.

Inventory:

Hand Weapons
 a - a +0 spear (weapon)
 l - a +2 mace of holy wrath
Missiles
 d - 5 boomerangs of dispersal (quivered)
 e - 58 stones
 h - a throwing net
 m - 43 arrows
 n - 2 atropa-tipped darts
 o - 26 bolts
Armour
 b - a +0 leather armour (worn)
Scrolls
 c - 2 scrolls of blinking
 f - a scroll of brand weapon {unknown}
 i - a scroll of magic mapping {unknown}
Potions
 g - a potion of heal wounds {unknown}
 j - a potion of haste {unknown}
 k - a potion of curing {unknown}


   Skills:
 + Level 4.6 Fighting
 + Level 1.2 Short Blades
 + Level 1.2 Long Blades
 + Level 1.2 Axes
 + Level 1.2 Maces & Flails
 + Level 4.6 Polearms
 + Level 1.2 Staves
 + Level 1.2 Slings
 + Level 1.2 Bows
 + Level 1.2 Crossbows
 + Level 2.8 Throwing
 + Level 2.8 Armour
 + Level 4.6 Dodging
 + Level 1.2 Stealth
 + Level 1.2 Shields
 + Level 1.2 Unarmed Combat
 + Level 5.1 Spellcasting
 + Level 1.0 Conjurations
 + Level 1.0 Hexes
 + Level 1.0 Summonings
 + Level 1.0 Necromancy
 + Level 5.5 Translocations
 + Level 1.0 Transmutations
 + Level 1.0 Fire Magic
 + Level 1.0 Ice Magic
 + Level 1.0 Air Magic
 + Level 1.0 Earth Magic
 + Level 1.0 Poison Magic
 + Level 1.3 Invocations
 + Level 1.2 Evocations


You had 11 spell levels left.
You knew the following spells:

 Your Spells              Type           Power      Damage    Failure   Level
a - Blink                 Tloc           32%        N/A       4%          2

Your spell library contained the following spells:

 Spells                   Type           Power      Damage    Failure   Level
 Gell's Gravitas          Tloc           16%        N/A       8%          3
 Lesser Beckoning         Tloc           16%        N/A       8%          3
 Teleport Other           Tloc           16%        N/A       8%          3
 Freeze                   Ice            20%        1d4       17%         1
 Frozen Ramparts          Ice            10%        1d3       45%         3
 Manifold Assault         Tloc           16%        N/A       58%         5
 Hailstorm                Conj/Ice       5%         3d4       86%         4


Dungeon Overview and Level Annotations

Branches:
Dungeon (3/15)

Altars:
Wu Jian

Annotations:
D:3 Ijyb


Innate Abilities, Weirdness & Mutations

You have very sharp teeth.
Your uncanny sense of smell can sniff out nearby items.
Your experience applies equally to all skills.


Message History

Ijyb is moderately wounded.
Ijyb hits you with a +0 dagger.
* * * LOW HITPOINT WARNING * * *
You barely miss Ijyb.
Ijyb is moderately wounded.
Ijyb hits you with a +0 dagger.
* * * LOW HITPOINT WARNING * * *
You hit Ijyb but do no damage.
Ijyb is moderately wounded.
Ijyb hits you with a +0 dagger.
* * * LOW HITPOINT WARNING * * *
You closely miss Ijyb.
Ijyb is moderately wounded.
Ijyb barely misses you.
You hit Ijyb.
Ijyb is moderately wounded.
Ijyb hits you but does no damage.
You hit Ijyb but do no damage.
Ijyb is moderately wounded.
You hit Ijyb but do no damage.
Ijyb is moderately wounded.
Ijyb hits you but does no damage.
You miss Ijyb.
Ijyb is moderately wounded.
Ijyb closely misses you.
You closely miss Ijyb.
Ijyb is moderately wounded.
Ijyb hits you with a +0 dagger.
* * * LOW HITPOINT WARNING * * *
You hit Ijyb but do no damage. Your punch misses Ijyb.
Ijyb is moderately wounded.
Ijyb hits you with a +0 dagger.
* * * LOW HITPOINT WARNING * * *
You hit Ijyb but do no damage. Your bite misses Ijyb.
Ijyb is moderately wounded.
Ijyb misses you.
You hit Ijyb.
Ijyb is moderately wounded.
Ijyb hits you with a +0 dagger.
You die...

..########
#.....g@.#
#.######.#
.........#
#.######.#
#.#
#.######.#
#........#
...######.#
#..)...#


You could see Ijyb.

Vanquished Creatures
  A centaur zombie (D:3)
  2 adders
  A dart slug (D:3)
  An orc (D:3)
  4 bats
  An endoplasm (D:1)
  A giant cockroach (D:2)
  7 goblins
  5 hobgoblins
  A quokka (D:3)
  3 ball pythons
  3 frilled lizards
  A kobold (D:2)
  8 rats
39 creatures vanquished.

Notes
Turn   | Place    | Note
-------+----------+-------------------------------------------
     0 | D:1      | Ablot the Gnoll Warper began the quest for the Orb.
     0 | D:1      | Reached XP level 1. HP: 20/20 MP: 6/6
   242 | D:1      | Reached XP level 2. HP: 26/26 MP: 7/7
   245 | D:1      | Learned a level 2 spell: Blink
   413 | D:1      | Found a faded altar of an unknown god.
   702 | D:2      | Found an ornate altar of the Wu Jian Council.
  1312 | D:2      | Reached XP level 3. HP: 31/31 MP: 9/9
  1480 | D:2      | Reached skill level 5 in Spellcasting
  1805 | D:3      | Reached skill level 1 in Invocations
  1956 | D:3      | Reached skill level 1 in Short Blades
  1956 | D:3      | Reached skill level 1 in Long Blades
  1956 | D:3      | Reached skill level 1 in Axes
  1956 | D:3      | Reached skill level 1 in Maces & Flails
  1956 | D:3      | Reached skill level 1 in Staves
  1956 | D:3      | Reached skill level 1 in Slings
  1956 | D:3      | Reached skill level 1 in Bows
  1956 | D:3      | Reached skill level 1 in Crossbows
  1956 | D:3      | Reached skill level 1 in Stealth
  1956 | D:3      | Reached skill level 1 in Shields
  1956 | D:3      | Reached skill level 1 in Unarmed Combat
  1956 | D:3      | Reached skill level 1 in Evocations
  2059 | D:3      | Reached XP level 4. HP: 38/38 MP: 11/11
  2286 | D:3      | Reached skill level 1 in Conjurations
  2286 | D:3      | Reached skill level 1 in Hexes
  2286 | D:3      | Reached skill level 1 in Summonings
  2286 | D:3      | Reached skill level 1 in Necromancy
  2286 | D:3      | Reached skill level 1 in Transmutations
  2286 | D:3      | Reached skill level 1 in Fire Magic
  2286 | D:3      | Reached skill level 1 in Ice Magic
  2286 | D:3      | Reached skill level 1 in Air Magic
  2286 | D:3      | Reached skill level 1 in Earth Magic
  2286 | D:3      | Reached skill level 1 in Poison Magic
  2292 | D:3      | Noticed Ijyb
  2329 | D:3      | Slain by Ijyb

Illustrated notes

Levels and vault maps discovered:
D:1:      dpeg_arrival_leaves_temple_mockup, layout_basic, serial_bayou,
          serial_bayou_pond_a, serial_bayou_shore_a, serial_bayou_ford_a,
          serial_bayou_lagoon_a, basic_ecumenical_altar, minmay_pentomino_p4
D:2:      layout_loops_ring, basic_altar, kennysheep_generic_room_11
D:3:      layout_loops_ring, chequers_serial_rivers_micro_a,
          uniq_crazy_yiuf_cottage, uniq_ijyb, uniq_jessica

Skill      XL: |  1  2  3  4 |
---------------+-------------+-----
Spellcasting   | 5 |  5.1
Invocations    | 1 |  1.3
Short Blades   | 1 |  1.2
Long Blades    | 1 |  1.2
Axes           | 1 |  1.2
Maces & Flails | 1 |  1.2
Staves         | 1 |  1.2
Slings         | 1 |  1.2
Bows           | 1 |  1.2
Crossbows      | 1 |  1.2
Stealth        | 1 |  1.2
Shields        | 1 |  1.2
Unarmed Combat | 1 |  1.2
Evocations     | 1 |  1.2
Conjurations   | 1 |  1.0
Hexes          | 1 |  1.0
Summonings     | 1 |  1.0
Necromancy     | 1 |  1.0
Transmutations | 1 |  1.0
Fire Magic     | 1 |  1.0
Ice Magic      | 1 |  1.0
Air Magic      | 1 |  1.0
Earth Magic    | 1 |  1.0
Poison Magic   | 1 |  1.0
Fighting       | |  4.6
Polearms       | |  4.6
Throwing       | |  2.8
Armour         | |  2.8
Dodging        | |  4.6
Translocations | |  5.5

Action                   |  1- 3 |  4- 6 || total
-------------------------+-------+-------++-------
Melee: Spear             |   151 |    55 ||   206
       Bite              |     7 |     8 ||    15
       Punch             |     4 |       ||     4
 Stab: Sleeping          |     2 |       ||     2
Armor: Leather armour    |    24 |     9 ||    33
Dodge: Dodged            |    66 |    20 ||    86
